 Dungeon Crawl Stone Soup version 0.23-a0-612-gcb482e9 (webtiles) character file.

268 Borgoz the Skirmisher (level 6, -10/53 HPs)
             Began as a Ghoul Abyssal Knight on Dec 22, 2018.
             Was a Believer of Lugonu.
             Killed by divine providence
             ... invoked by an orc priest
              (12 damage)
             ... on level 5 of the Dungeon.
             The game lasted 00:07:22 (3308 turns).

Borgoz the Skirmisher (Ghoul Abyssal Knight)        Turns: 3308, Time: 00:07:23

Health: -10/53     AC:  4    Str: 16    XL:     6   Next: 21%
Magic:  7/7        EV: 12    Int:  7    God:    Lugonu [**....]
Gold:   215        SH:  0    Dex: 10    Spells: 5/5 levels left

rFire    + . .     SeeInvis .   a - +3 hand axe
rCold    + . .     Gourm    .   (no shield)
rNeg     + + +     Faith    .   m - +1 leather armour {rF+}
rPois    ∞         Spirit   .   (no helmet)
rElec    .         Reflect  .   (no cloak)
rCorr    +         Harm     .   (no gloves)
MR       .....                  (no boots)
Stlth    +.........             (no amulet)
HPRegen  0.00/turn              b - ring of resist corrosion
MPRegen  0.10/turn              (no ring)

@: rotting, drained
A: rotting body, claws 1, carnivore, cold resistance 1, negative energy
resistance 3, inhibited regeneration, torment resistance, unbreathing
a: Depart the Abyss, Bend Space, Renounce Religion


You were on level 5 of the Dungeon.
You worshipped Lugonu.
Lugonu was pleased with you.
You were not hungry.

You visited 1 branch of the dungeon, and saw 5 of its levels.
You visited the Abyss 1 time.

You collected 215 gold pieces.

Inventory:

Hand Weapons
 a - a +3 hand axe (weapon)
Armour
 d - a +3 leather armour of cold resistance
 j - a +0 chain mail
 m - a +1 leather armour of fire resistance (worn)
Jewellery
 b - a ring of resist corrosion (left claw)
Wands
 f - a wand of scattershot (3)
 k - a wand of clouds (4)
Scrolls
 e - 2 scrolls of remove curse
 g - 2 scrolls of identify
 h - a scroll of amnesia {unknown}
 l - a scroll of teleportation {unknown}
Comestibles
 c - 7 rations
 i - 16 chunks of flesh


   Skills:
 + Level 4.4(4.3) Fighting
 + Level 2.9(2.8) Axes
 + Level 2.9 Armour
 + Level 2.5(2.4) Dodging
 + Level 3.4 Invocations


You had 5 spell levels left.
You didn't know any spells.
Your spell library was empty.

Dungeon Overview and Level Annotations

Branches:
Dungeon (5/15)
 Temple: D:4-7

Altars:
Fedhas
Gozag
Nemelex Xobeh
Okawaru

Annotations:
D:2 1 runed door
D:4 Sigmund


Innate Abilities, Weirdness & Mutations

Your body is rotting away.
You thrive on raw meat.
You are immune to poison.
You have sharp fingernails.
You are carnivorous and can eat meat at any time.
Your flesh is cold resistant. (rC+)
You are immune to negative energy. (rN+++)
You do not regenerate when monsters are visible.
You are immune to unholy pain and torment.
You can survive without breathing.


Message History

Deactivating autopickup; reactivate with Ctrl-A.
There is a stone staircase leading down here.
The worker ant closely misses you.
You climb downwards.
Reactivating autopickup.
There is a stone staircase leading up here. 2 orcs and a crimson imp come into view.
The orc shouts! x2; The crimson imp shouts!
You hear a shout! x2
The worker ant completely misses you.
A gnoll comes into view. It is wielding a +0 halberd.
A gnoll comes into view. It is wielding a +0 club.
The orc moves out of view.
A gnoll, an orc, an orc priest and a quasit come into view.
The orc shouts!
The orc priest shouts!
The gnoll shouts!
The quasit gives a chilling moan.
A hound and a giant cockroach come into view.
The hound barks!
The orc priest invokes the aid of Beogh against you.
Beogh smites you!
You die...

...#..........
...........#.
..o........s
...g.oo.h..
..gg5....
....5.
#.o#####.#.#
#.@a.<.....#
#....######.#.#
....### ###


You could see a hound, a worker ant, an orc priest, a quasit, 3 gnolls, a
crimson imp, 3 orcs and a giant cockroach.

Vanquished Creatures
  A hound (D:2)
  2 orc priests (D:3)
  A worker ant (D:2)
  Robin (D:3)
  5 adders (D:3)
  3 shadow imps (D:3)
  An ooze (D:2)
  A worm (D:2)
  A dart slug (D:1)
  5 leopard geckos
  2 orcs (D:3)
  2 giant cockroaches
  13 goblins
  4 hobgoblins
  6 kobolds
  3 ball pythons
  7 bats
  3 frilled lizards
  9 rats
70 creatures vanquished.

Notes
Turn   | Place    | Note
-------+----------+-------------------------------------------
     0 | Abyss:1  | Borgoz the Ghoul Abyssal Knight began the quest for the
                  | Orb.
     0 | Abyss:1  | Reached XP level 1. HP: 19/19 MP: 1/1
    17 | Abyss:1  | Found a corrupted altar of Lugonu.
   153 | Abyss:1  | Noticed a small abomination
   175 | Abyss:2  | Noticed a small abomination
   176 | Abyss:2  | Noticed a chaos spawn
   178 | Abyss:2  | Noticed a chaos spawn
   179 | Abyss:2  | Noticed a worker ant
   179 | Abyss:2  | Noticed a raiju
   180 | Abyss:2  | Noticed a vampire mosquito
   180 | Abyss:2  | Noticed a vampire mosquito
   180 | Abyss:2  | Noticed a raiju
   181 | Abyss:2  | Noticed a raiju
   181 | Abyss:2  | Noticed a hornet
   182 | D:1      | Escaped the Abyss
   190 | D:1      | Reached skill level 1 in Dodging
   286 | D:1      | Reached * piety under Lugonu
   286 | D:1      | Reached XP level 2. HP: 23/26 MP: 2/2
   775 | D:1      | Reached XP level 3. HP: 27/31 MP: 3/3
  1454 | D:2      | Reached XP level 4. HP: 36/40 MP: 4/4
  1663 | D:2      | Found a runed door.
  1944 | D:3      | Reached skill level 4 in Fighting
  1944 | D:3      | Reached XP level 5. HP: 26/46 MP: 6/6
  2094 | D:3      | Found a blossoming altar of Fedhas.
  2122 | D:3      | Found a transporter.
  2141 | D:3      | Found a transporter.
  2709 | D:3      | Found an iron altar of Okawaru.
  2827 | D:3      | Reached XP level 6. HP: 48/53 MP: 7/7
  3080 | D:3      | Found a sparkling altar of Nemelex Xobeh.
  3081 | D:3      | Found an opulent altar of Gozag.
  3177 | D:4      | Noticed Robin
  3211 | D:3      | Killed Robin
  3211 | D:3      | Reached ** piety under Lugonu
  3276 | D:4      | Noticed Sigmund
  3291 | D:4      | HP: 2/53 [worker ant (7)]
  3305 | D:5      | Entered Level 5 of the Dungeon
  3308 | D:5      | Killed from afar by an orc priest

Vault maps used:
D:1:      elethiomel_arrival_infinity_welcomes_careful_drivers
D:2:      chequers_serial_rivers_room_a, uniq_crazy_yiuf_cottage
D:3:      gammafunk_wand_slinger, grunt_temple_overflow_opulence,
          nicolae_overflow_hidden_temple, first_ration,
          okawaru_metal_pillars_1_2
D:4:      lemuel_crystal_altar, uniq_robin, uniq_menkaure, uniq_sigmund,
          uniq_eustachio
D:5:      grunt_temple_overflow_magic_moments, minitemple
Abyss:2:  hangedman_abyss_monster_moat

Skill      XL: |  1  2  3  4  5 |
---------------+----------------+-----
Dodging        | 1 2 |  2.5
Axes           | 2 |  2.9
Armour         | 2 |  2.9
Fighting       | 4 |  4.4
Invocations    | 3 |  3.4

Action                   |  1- 3 |  4- 6 || total
-------------------------+-------+-------++-------
Melee: Hand axe          |   107 |   148 ||   255
Invok: Depart the Abyss  |     1 |       ||     1
  Use: Scroll            |       |     7 ||     7
       Potion            |       |     3 ||     3
 Stab: Distracted        |       |     1 ||     1
  Eat: Chunk             |     6 |     9 ||    15
Armor: Leather armour    |     6 |       ||     6
       Chain mail        |    53 |   111 ||   164
Dodge: Dodged            |    43 |    84 ||   127

Table legend:
 A = Non-vault XP
 B = Vault XP
 C = Vault XP percentage of total XP
 D = Non-vault monster count
 E = Vault monster count
 F = Vault count percentage of total count
                 A         B        C        D         E       F
            +---------+---------+-------+---------+---------+-------
      Total |     230 |     153 |  39.9 |      53 |      17 |  24.3
            +---------+---------+-------+---------+---------+-------
        D:1 |      38 |       0 |   0.0 |      23 |       0 |   0.0
        D:2 |      99 |       0 |   0.0 |      11 |       0 |   0.0
        D:3 |      93 |     145 |  60.9 |      19 |      13 |  40.6
        D:4 |       0 |       8 | 100.0 |       0 |       4 | 100.0
            +---------+---------+-------+---------+---------+-------
